Unix NetHack Version 5.0.0-0 post-release - last build May 23 2026 06:08:33 (1c0ff79ee797540d5714e4e18072db0edd9e58ae,branch:main).

Game began 2026-05-26 11:18:58, ended 2026-05-27 17:44:30.

GdeVolpiano, neutral female human Tourist

                                  --+---------                         ------
                                 #...........|                     ####.....|
                                 #|....E@u...|                   ###   |....|
                                 #|.....(....|                  ##     |....|
                                 #-----.------                        #.....|
                                 ###   ######                         #---.--
    -------------                 #         #                      ####   #
    |...........|                 #         #                      #      #
    |...........|          -------#         #            ------- ###     ##
    |...........|      ####......|#         ###          |....[| #    ---|-
    |...........| ######   |.....-#       ########))#####-.....-##    |.{.|
    |...........-##        |.....|    --------(---       |...).|      |...|
    -------------          |.....|    |......%...|       +....).######.^..|
                           |.....|    |..........|       -------      |...|
                           |.....|    |..........+                    |.<.|
                           -------    |..........|                    -)---
                                      |..........|                     #
                                      ------------

GdeVolpiano the Peregrinatrix  St:17 Dx:15 Co:18 In:10 Wi:10 Ch:18  Neutral
Dlvl:12 $:40 HP:0(117) Pw:44(44) AC:-9 Xp:11 T:27906  Strained

Latest messages:
 The invisible stalker misses!
 The invisible stalker misses!
 The invisible stalker hits!
 The invisible stalker just misses!
 The invisible stalker misses!
 The invisible stalker hits!
 The invisible stalker hits!
 The invisible stalker misses!
 The invisible stalker hits!
 The invisible stalker misses!
 You feel like you are being watched.
 A ghost appears next to you!
 You are frightened to death, and unable to move.
 Jay's ghost swings wildly and misses!
 You regain your composure.
 You see here an unlocked large box containing 157 items.
 The invisible stalker hits!
 The invisible stalker hits!
 The invisible stalker misses!
 The invisible stalker hits!
 The invisible stalker misses!
 #
 What do you want to sacrifice? [e or ?*]
 Nothing happens.
 The mountain nymph pretends to be friendly.
 The mountain nymph pretends to be friendly.
 The white unicorn just misses!
 The white unicorn kicks!
 You hit the mountain nymph!
 You miss the mountain nymph.
 The white unicorn misses!
 The white unicorn misses!
 The mountain nymph pretends to be friendly.
 The mountain nymph pretends to be friendly.
 The mountain nymph pretends to be friendly.
 The mountain nymph pretends to be friendly.
 The mountain nymph removes your uncursed amulet of reflection.
 You were wearing an uncursed amulet of reflection.
 The mountain nymph stole an uncursed amulet of reflection.
 The invisible stalker misses!
 The invisible stalker hits!
 You hit the invisible stalker!
 You hit the invisible stalker!
 The invisible stalker hits!
 The white unicorn misses!
 The white unicorn misses!
 The white unicorn butts!
 The white unicorn kicks!
 You die...
 Do you want your possessions identified? [ynq] (y)

Inventory:
 Coins    ('$')
  $ - 40 gold pieces
 Weapons  (')')
  O - 84 blessed +2 darts (at the ready)
  Y - a blessed +5 scimitar (wielded in left hand)
  f - the blessed rustproof +4 Vorpal Blade (wielded in right hand)
 Armor    ('[')
  D - an uncursed +0 elven leather helm (being worn)
  o - a blessed +0 pair of leather gloves (being worn)
  E - an uncursed +0 pair of elven boots (being worn)
  c - an uncursed +0 robe (being worn)
  I - an uncursed +0 elven mithril-coat (being worn)
 Comestibles  ('%')
  Z - 2 uncursed C-rations
  d - an uncursed food ration
  e - an uncursed white unicorn corpse
 Scrolls  ('?')
  b - an uncursed scroll of identify
  j - an uncursed scroll of taming
 Rings    ('=')
  U - an uncursed ring of free action (on right hand)
  a - an uncursed ring of sustain ability
  K - an uncursed ring of teleport control (on left hand)
 Wands    ('/')
  X - a wand of magic missile (0:6)
 Tools    ('(')
  B - a blessed bag of holding containing 21 items
  s - an uncursed blindfold
  w - an uncursed magic whistle
  C - a +0 pick-axe
  k - an uncursed skeleton key
  H - a +0 unicorn horn
 Gems/Stones  ('*')
  N - a blessed luckstone
  F - a blessed touchstone

Contents of the bag of holding:
  30521 gold pieces
  an uncursed clove of garlic
  7 uncursed food rations
  an uncursed lembas wafer
  an uncursed orange
  an uncursed pancake
  an uncursed pear
  6 uncursed tripe rations
  an uncursed lizard corpse
  an uncursed agate stone
  2 uncursed amethyst stones
  2 uncursed chrysoberyl stones
  an uncursed citrine stone
  3 uncursed diamonds
  3 uncursed emeralds
  an uncursed jasper stone
  2 uncursed obsidian stones
  2 uncursed rubies
  an uncursed sapphire
  an uncursed topaz stone
  an uncursed turquoise stone

GdeVolpiano the Tourist's attributes:

Background:
 You were a Peregrinatrix, a level 11 female human Tourist.
 You were neutral, on a mission for The Lady
 who was opposed by Blind Io (lawful) and Offler (chaotic).
 You were right-handed.
 You were in the Dungeons of Doom, on level 12.
 You entered the dungeon 27906 turns ago.
 You had 13245 experience points, 6755 more were needed to attain level 12.

Basics:
 You had 0 out of 117 hit points.
 You had all 44 energy points (spell power).
 Your armor class was -9.
 Your wallet contained 40 zorkmids, and
 you had 30521 more stashed away in your pack.
 Autopickup was on for '$?!/="+' plus thrown, with exceptions.

Final Characteristics:
 Your strength was 17 (limit:18/100).
 Your dexterity was 15 (limit:18).
 Your constitution was 18 (limit:18).
 Your intelligence was 10 (limit:18).
 Your wisdom was 10 (limit:18).
 Your charisma was 18 (limit:18).

Final Status:
 You weren't hungry.
 You were strained; movement was very slowed.
 You were wielding two weapons at once.
 Your two weapon skill was limited by being basic with long sword.
 You were skilled in saber and two weapons.

Final Attributes:
 You were piously aligned.
 You were fire resistant.
 You were cold resistant.
 You were sleep resistant.
 You were shock resistant.
 You were poison resistant.
 You saw invisible.
 You were telepathic.
 You had automatic searching.
 You were invisible to others.
 You were stealthy.
 You could teleport.
 You had teleport control.
 You had a moderate defense bonus (+9).
 You were guarded.
 Your spell casting was impaired by metallic armor, mitigated by your robe.
 You had free action.
 You were very lucky.
 You had extra luck.
 Good luck did not time out for you.
 You are dead.

Miscellaneous:
 You didn't encounter any bones levels.
 Total elapsed playing time was 4 hours, 47 minutes and 24 seconds.

Major events:
 Turn
    1: GdeVolpiano the neutral female human Tourist entered the dungeon
  362: entered the Gnomish Mines
  733: Sipaliwini, the general store proprietrix, has been killed
 1435: attained the rank of Sightseer (level 3)
 2937: reached Mine Town
 2984: Izchak, the lighting store proprietor, has been killed
 3022: Pakka Pakka, the general store proprietrix, has been killed
 3069: Kediri, the delicatessen proprietrix, has been killed
 3188: was bestowed with Trollsbane by The Lady
 3593: attained the rank of Excursionist (level 6)
 3745: Lahinch, the rare books proprietor, has been killed
 6625: read a Discworld novel
 6642: Dunfanaghy, the second-hand bookstore proprietrix, has been killed
12448: was bestowed with Vorpal Blade by The Lady
12799: Wonotobo, the general store proprietrix, has been killed
13487: Moy, the jewelers proprietrix, has been killed
16025: entered Sokoban
16573: attained the rank of Peregrinatrix (level 10)
16743: completed 1st Sokoban level
17251: completed 2nd Sokoban level
18387: completed 3rd Sokoban level
19460: completed 4th Sokoban level
19724: acquired the Sokoban amulet of reflection
21902: acquired the Mines' End luckstone
27906: killed by a white unicorn

Spells:
 Name                 Level Category     Fail Retention
 chain lightning        2   attack        74%   26%-50%
 detect food            2   divination    74%   26%-50%
 detect treasure        4   divination   100%   26%-50%
 detect unseen          3   divination   100%   26%-50%
 sleep                  3   enchantment  100%   26%-50%
 magic missile          2   attack        74%   26%-50%
 slow monster           2   enchantment   74%   26%-50%
 confuse monster        1   enchantment   60%   51%-75%
 cause fear             3   enchantment  100%  76%-100%
 jumping                1   escape        60%  76%-100%
 fireball               4   attack       100%  76%-100%
 remove curse           3   clerical     100%  76%-100%

Skills:
 Fighting Skills
   bare handed combat [Unskilled]
   two weapon combat  [Skilled]
   riding             [Unskilled]
 Weapon Skills
   dagger             [Unskilled]
   knife              [Unskilled]
   axe                [Unskilled]
   pick-axe           [Unskilled]
   short sword        [Basic]
   broadsword         [Unskilled]
   long sword         [Basic]
   two-handed sword   [Unskilled]
   saber              [Skilled]
   mace               [Unskilled]
   morning star       [Basic]
   flail              [Unskilled]
   hammer             [Unskilled]
   quarterstaff       [Unskilled]
   polearms           [Unskilled]
   spear              [Unskilled]
   trident            [Unskilled]
   lance              [Unskilled]
   bow                [Unskilled]
   sling              [Unskilled]
   crossbow           [Unskilled]
   dart               [Basic]
   shuriken           [Unskilled]
   boomerang          [Unskilled]
   whip               [Unskilled]
   unicorn horn       [Unskilled]
 Spellcasting Skills
   divination spells  [Unskilled]
   enchantment spells [Unskilled]
   escape spells      [Unskilled]

Voluntary challenges:
 Character rerolling was not enabled.
 You never genocided any monsters.
 You never polymorphed an object.
 You never changed form.
 You used no wishes.
 You did not violate any of the special Sokoban rules.
Achievements:
 You entered the Gnomish Mines.
 You entered a shop.
 You attained the rank of Sightseer.
 You entered Minetown.
 You entered a temple.
 You attained the rank of Excursionist.
 You read from a Discworld novel.
 You entered Sokoban.
 You attained the rank of Peregrinatrix.
 You completed Sokoban.
 You completed the Gnomish Mines.

 The Dungeons of Doom: levels 1 to 14
    Level 1:
       An altar to The Lady.
    Level 2:
       A general store.
       Stairs down to The Gnomish Mines.
    Level 3:
       A scroll shop, a fountain.
    Level 4:
       Many fountains.
    Level 5:
       An altar to The Lady, a fountain.
    Level 6:
       A general store, a fountain, a sink.
    Level 7:
       A ring shop, a fountain.
    Level 8:
       Many fountains.
    Level 9:
       A fountain.
       Stairs up to Sokoban, level 8.
    Level 10:
       Some fountains.
    Level 11:
       A fountain.
    Level 12: <- You were here.
       A temple and an altar to The Lady, a fountain.
       Final resting place for
          you, killed by a white unicorn.
    Level 13:
    Level 14:
 The Gnomish Mines: levels 3 to 10
    Level 3:
    Level 4:
    Level 5:
       Many shops, a temple and an altar to The Lady, some fountains.
    Level 6:
    Level 7:
    Level 8:
    Level 9:
    Level 10:
 Sokoban: levels 8 up to 5
    Level 5:
       Solved.
    Level 6:
       Solved.
    Level 7:
       Solved.
    Level 8:
       Solved.


Vanquished creatures:
  8 shopkeepers
  2 aligned clerics
  a watch captain
  4 ghosts
  2 giant mimics
  a long worm
  a zruty
  2 stalkers
  2 earth elementals
  a water elemental
  3 giant mummies
  a giant zombie
 an elf-noble
  2 wargs
  7 small mimics
  a glass piercer
  a xan
  3 ogre leaders
  a quantum mechanic
  6 gelatinous cubes
  a pyrolisk
  2 flaming spheres
  2 shocking spheres
  a large cat
  2 gargoyles
  a dwarf ruler
  3 tengu
  2 ochre jellies
  2 leocrottas
 an energy vortex
  a stone giant
  3 human mummies
  a python
  a pit viper
  a wraith
  a carnivorous ape
 an ettin zombie
  2 leather golems
  a Grey-elf
  5 soldiers
  4 watchmen
  5 chameleons
  a crocodile
  7 giant beetles
  a quivering blob
  2 cockatrices
  6 wolves
  4 panthers
 17 leprechauns
 an orc-captain
  2 iron piercers
  a mumak
  5 giant spiders
  2 scorpions
  3 horses
  3 vampire bats
  2 forest centaurs
  2 gnome rulers
  3 dwarf mummies
  4 rust monsters
  4 owlbears
  3 yetis
  a gold golem
  5 werewolves
  3 Green-elves
  6 lizards
  a dog
  2 housecats
  3 jaguars
  3 dwarf leaders
  3 blue jellies
  5 white unicorns
  4 gray unicorns
  3 dust vortices
  2 ravens
  a plains centaur
  a gnome mummy
  4 snakes
  7 apes
  8 human zombies
  a rope golem
  5 Woodland-elves
  5 soldier ants
  2 bugbears
  2 imps
  2 quasits
  6 wood nymphs
  4 water nymphs
  a mountain nymph
  6 Mordor orcs
  9 Uruk-hai
  4 orc shamans
  6 rock piercers
  4 rock moles
  3 ponies
  3 fog clouds
  6 yellow lights
  a shrieker
  3 violet fungi
 16 gnome leaders
  6 gnomish wizards
  3 kobold mummies
  3 elf zombies
  2 ghouls
  2 paper golems
  a baby crocodile
 17 giant ants
  2 little dogs
 13 floating eyes
  3 kittens
 22 dwarves
  8 homunculi
  4 kobold leaders
  3 kobold shamans
 21 hill orcs
 11 rothes
  3 rabid rats
  a centipede
  2 giant bats
  2 monkeys
  8 orc zombies
  3 wererats
  a werejackal
 13 iguanas
  5 killer bees
  2 acid blobs
  7 coyotes
  3 gas spores
  5 hobbits
  6 manes
  4 large kobolds
  5 hobgoblins
 14 giant rats
 11 cave spiders
  2 brown molds
  3 yellow molds
  2 green molds
 69 gnomes
  8 garter snakes
  3 gnome zombies
 14 geckos
 24 jackals
  4 foxes
  a kobold
  4 goblins
 19 sewer rats
 12 grid bugs
  3 bats
  7 lichens
  2 kobold zombies
 14 newts
724 creatures vanquished.

No species were genocided or became extinct.

Game over:
                       ----------
                      /          \
                     /    REST    \
                    /      IN      \
                   /     PEACE      \
                  /                  \
                  |   GdeVolpiano    |
                  |     30561 Au     |
                  |   killed by a    |
                  |  white unicorn   |
                  |                  |
                  |                  |
                  |       2026       |
                 *|     *  *  *      | *
        _________)/\\_//(\/(/\)/\//\/|_)_______

Aloha GdeVolpiano the Tourist...

You died in The Dungeons of Doom on dungeon level 12 with 75631 points,
and 30561 pieces of gold, after 27906 moves.
You were level 11 with a maximum of 117 hit points when you died.

